 Dungeon Crawl Stone Soup version 0.29.0-4-gdea44cf6ec (webtiles) character file.

Game seed: 8415774940865228946

155 qw the Ruffian (level 5, -2/50 HPs)
             Began as a Troll Cinder Acolyte on Sept 2, 2022.
             Was a High Priest of Ignis.
             Slain by Grinder (5 damage)
             ... on level 3 of the Dungeon.
             The game lasted 00:01:11 (2000 turns).

qw the Ruffian (Troll Cinder Acolyte)               Turns: 2000, Time: 00:01:12

Health: -2/50      AC: 11    Str: 24    XL:     5   Next: 14%
Magic:  5/5        EV:  9    Int: 10    God:    Ignis [*****.]
Gold:   165        SH:  0    Dex:  5    Spells: 6/6 levels left

rFire   + . .      SeeInvis +     - Unarmed
rCold   . . .      Faith    .   (no shield)
rNeg    . . .      Spirit   .   a - +0 robe
rPois   .          Reflect  .   (helmet restricted)
rElec   .          Harm     .   (no cloak)
rCorr   .          Rampage  .   (gloves unavailable)
Will    .....                   (boots unavailable)
Stlth   +.........              (no amulet)
HPRegen 0.96/turn               f - ring of see invisible
MPRegen 0.09/turn               (no ring)

@: fiery-armoured
A: large, unfitting armour, claws 3, regeneration 1, shaggy fur 1, tough skin 1
a: Renounce Religion, Fiery Armour, Foxfire Swarm, Rising Flame


You were on level 3 of the Dungeon.
You worshipped Ignis.
Ignis was extremely pleased with you.
You visited 1 branch of the dungeon, and saw 3 of its levels.

You collected 165 gold pieces.


Innate Abilities, Weirdness & Mutations

You are too large for most types of armour.
You have claws for hands.
Your natural rate of healing is unusually fast.
You are covered in fur. (AC +1)
You have tough skin. (AC +1)


   Skills:
 - Level 2.4 Fighting
 + Level 5.9 Unarmed Combat
 - Level 1.0 Spellcasting
 - Level 2.1 Fire Magic


You had 6 spell levels left.
You didn't know any spells.
Your spell library contained the following spells:

 Spells                   Type           Power      Damage    Failure   Level
 Scorch                   Fire           8%         2d5       22%         2

Inventory:

Armour
 a - a +0 robe (worn)
 i - a +0 cloak
Jewellery
 f - a ring of see invisible (left claw)
Scrolls
 c - 3 scrolls of identify
 g - 2 scrolls of enchant weapon
 l - a scroll of blinking {unknown}
 m - a scroll of noise {unknown}
Potions
 b - a potion of magic {unknown}
 d - 2 potions of mutation {unknown}
 e - a potion of ambrosia {unknown}
 h - a potion of might {unknown}
 j - a potion of cancellation {unknown}
 k - a potion of haste {unknown}

Dungeon Overview and Level Annotations

Branches:
Dungeon (3/15)

Altars:
Ashenzari
Xom

Annotations:
D:3 Grinder


Message History

You open the door.
Found a broken altar of Ashenzari.
Found an escape hatch in the floor.
An orc priest comes into view. It is wielding a +0 flail.
The orc priest shouts!
An orc comes into view. It is wielding a +0 falchion.
The orc shouts!
An orc comes into view. It is wielding a +0 dagger.
The orc shouts!
Grinder comes into view.
The orc priest calls down the wrath of Beogh upon you.
Beogh smites you!
1994 ||| INVOKING Fiery Armour.
A protective cloak of flame settles atop you.
Grinder shouts!
The orc priest calls down the wrath of Beogh upon you.
Beogh smites you! The orc hits you but does no damage.
The orc is burned by your cloak of flames.
The orc is heavily wounded.
You claw the orc!
You kill the orc!
Grinder blinks!
The orc priest calls down the wrath of Beogh upon you.
Pain shoots through your body!
You scratch the orc priest but do no damage.
The orc hits you with a +0 dagger. The orc priest barely misses you.
You scratch Grinder.
Grinder is lightly wounded.
You claw Grinder!
Grinder is moderately wounded.
Grinder gestures at you. Pain shoots through your body!
The orc barely misses you.
The orc priest hits you with a +0 flail!
The orc priest is burned by your cloak of flames.
The orc priest is moderately wounded.
You barely miss Grinder.
Grinder is moderately wounded.
A bat comes into view.
Grinder hits you.
You writhe in agony.
You die...

#.#........#
#........#.#
...#.....#.#
#.##.....#.#
#.##.....#.#
#.##.....#.### #
..##.....#...# ###b###
.......<.###.####o......
..###.......)...@o......
#..#########.####5......
#.....# #.# .......
......## #.# #######
....#..## #.## ##...#..#
#..# ........#####.#
...........#..##
...............#######


You could see Grinder, an orc priest, an orc and a bat.

Vanquished Creatures
  A hound (D:3)
  An orc priest (D:2)
  An orc wizard (D:2)
  An adder (D:3)
  A dart slug (D:2)
  5 orcs
  6 ball pythons
  9 endoplasms
  A giant cockroach (D:2)
  A goblin (D:1)
  3 hobgoblins
  3 jackals (D:2)
  4 kobolds
  3 quokkas
  4 bats
  3 frilled lizards
  6 rats
53 creatures vanquished.

Vanquished Creatures (others)
  3 plants (D:1)
3 creatures vanquished.

Grand Total: 56 creatures vanquished

Notes
Turn   | Place    | Note
-------+----------+-------------------------------------------
     0 | D:1      | qw the Troll Cinder Acolyte began the quest for the Orb.
     0 | D:1      | Reached XP level 1. HP: 22/22 MP: 1/1
     0 | D:1      | 0 ||| qw: Version: 0.1-a-97-g2dd2ca4
     0 | D:1      | 0 ||| qw: Game counter: 5012
     0 | D:1      | 0 ||| qw: Always use a shield: true
     0 | D:1      | 0 ||| qw: God list: Okawaru
     0 | D:1      | 0 ||| qw: Allow faded altars: false
     0 | D:1      | 0 ||| qw: Do Orc after D:15 true
     0 | D:1      | 0 ||| qw: Do second Lair branch before Depths: true
     0 | D:1      | 0 ||| qw: Lair rune preference: random
     0 | D:1      | 0 ||| qw: Plans: Normal
     0 | D:1      | 0 ||| PLANNING D:1-11
   211 | D:1      | Found a faded altar of an unknown god.
   219 | D:1      | Reached XP level 2. HP: 26/29 MP: 2/2
   710 | D:1      | Reached skill level 4 in Unarmed Combat
   808 | D:1      | 808 ||| READING scroll labelled ONEGGE ENLUXT.
   809 | D:1      | 809 ||| READING scroll labelled KECUIW WAFIR.
   810 | D:1      | 810 ||| READING scroll labelled CESOME YTATE.
   813 | D:1      | 813 ||| READING scroll labelled IPNUB QUMIOX.
   814 | D:1      | 814 ||| READING scroll labelled YTHREGE JEIZIABECK.
   815 | D:1      | 815 ||| READING 4 scrolls labelled BAINUFR SOQY.
   816 | D:1      | 816 ||| READING scroll labelled CEMOLO REOXKOS.
   817 | D:1      | 817 ||| DRINKING 3 purple potions.
   858 | D:1      | 858 ||| DROPPING 2 potions of lignification.
   859 | D:1      | 859 ||| DROPPING 3 scrolls of immolation.
   911 | D:2      | 911 ||| Stepping ~*~*~tactically~*~*~ (hiding).
   914 | D:2      | 914 ||| INVOKING Fiery Armour.
   919 | D:2      | Reached XP level 3. HP: 34/36 MP: 3/3
   922 | D:2      | 922 ||| Stepping ~*~*~tactically~*~*~ (outnumbered).
   923 | D:2      | Reached skill level 5 in Unarmed Combat
   923 | D:2      | Reached XP level 4. HP: 44/44 MP: 4/4
   978 | D:2      | 978 ||| Stepping ~*~*~tactically~*~*~ (hiding).
  1483 | D:2      | 1483 ||| Stepping ~*~*~tactically~*~*~ (outnumbered).
  1484 | D:2      | 1484 ||| Stepping ~*~*~tactically~*~*~ (outnumbered).
  1591 | D:2      | 1591 ||| UPGRADING to ring of see invisible.
  1672 | D:3      | Found a shimmering altar of Xom.
  1722 | D:3      | Reached XP level 5. HP: 39/50 MP: 5/5
  1972 | D:3      | Found a broken altar of Ashenzari.
  1993 | D:3      | Noticed Grinder
  1994 | D:3      | 1994 ||| INVOKING Fiery Armour.
  1999 | D:3      | HP: 8/50 [orc priest/+0 flail (7)]
  2000 | D:3      | HP: 3/50 [Grinder (6)]
  2000 | D:3      | Slain by Grinder

Levels and vault maps discovered:
D:1:      tarquinn_simple_flora_water_e, layout_loops_ring,
          shapermc_ecumenical_altar_mp_highgroup, minmay_shallow_snake_nest
D:2:      layout_basic, chequers_serial_rivers_small_b
D:3:      layout_rooms, mainiacjoe_overflow_concentric_impassable,
          general_overflow_altar, serial_shops, nicolae_shop_hallway_stairs,
          uniq_grinder, uniq_ijyb

Skill      XL: |  1  2  3 |
---------------+----------+-----
Unarmed Combat | 4 5 |  5.9
Fighting       | |  2.4
Spellcasting   | |  1.0
Fire Magic     | |  2.1

Action                   |  1- 3 |  4- 6 || total
-------------------------+-------+-------++-------
Melee: Unarmed           |    59 |    73 ||   132
Invok: Fiery Armour      |     1 |     1 ||     2
  Use: Scroll            |     7 |       ||     7
       Potion            |     1 |       ||     1
Armor: Robe              |    14 |    19 ||    33
Dodge: Dodged            |    14 |    35 ||    49

Table legend:
 A = Non-vault XP
 B = Vault XP
 C = Vault XP percentage of total XP
 D = Non-vault monster count
 E = Vault monster count
 F = Vault count percentage of total count
                 A         B        C        D         E       F
            +---------+---------+-------+---------+---------+-------
      Total |     216 |       6 |   2.7 |      49 |       4 |   7.5
            +---------+---------+-------+---------+---------+-------
        D:1 |      23 |       6 |  20.7 |      15 |       4 |  21.1
        D:2 |     115 |       0 |   0.0 |      21 |       0 |   0.0
        D:3 |      78 |       0 |   0.0 |      13 |       0 |   0.0
            +---------+---------+-------+---------+---------+-------
